 Dungeon Sprint DCSS version 0.31-a0-486-g8d68a81214 (webtiles) character file.

Game seed: 1878814333992553437

587 Midn8 the Martial Artist (level 7, -4/43 HPs)
             Began as a Vine Stalker Brigand on Aug 8, 2023.
             Was an Initiate of Ru.
             Slain by a centaur warrior (6 damage)
             ... in the Dungeon (Sprint I: "Red Sonja").
             The game lasted 00:03:12 (370 turns).

Midn8 the Martial Artist (Vine Stalker Brigand)      Turns: 370, Time: 00:03:13

Health: -4/43      AC:  5    Str: 14    XL:     7   Next: 38%
Magic:  0/8        EV: 11    Int: 11    God:    Ru [......]
Gold:   297        SH:  0    Dex: 17    Spells: 6/6 levels left

rFire   . .          .
                       - Unarmed
rCold   . . .        (no shield)
rNeg    . . .        i - +2 robe {Will+}
rPois   .            (no helmet)
rElec   .            c - +0 cloak
rCorr   .            (no gloves)
SInv    .            (no boots)
Will    +....        (no amulet)
Stlth   +++          (no ring)
HPRegen 1.07/turn    (no ring)
MPRegen 0.11/turn

%: no teleportation, guardian spirit
@: hasted, very quick
A: fangs 2, regeneration 1, magic shield, antimagic bite, no potion heal 2
a: Renounce Religion


You were in the Dungeon.
You worshipped Ru.
Ru was noncommittal.
You visited 1 branch You collected 297 gold pieces.

Inventory:

Hand Weapons
 a - a +2 dagger
Missiles
 d - 9 poisoned darts
 e - 3 curare-tipped darts (quivered)
Armour
 b - a +0 robe
 c - a +0 cloak (worn)
 i - a +2 robe of willpower (worn)
Wands
 k - a wand of polymorph (5)
Scrolls
 j - a scroll of blinking
 l - a scroll of fear {unknown}
Potions
 f - a potion of curing
 h - 2 potions of magic


   Skills:
 - Level 8.0 Fighting
 - Level 1.7 Short Blades
 - Level 1.7 Throwing
 - Level 0.7 Dodging
 - Level 4.8 Stealth
 + Level 12.8 Unarmed Combat


You had 6 spell levels left.
You didn't know any spells.
Your spell library was empty.

Dungeon Overview and Level Annotations

Branches:
Dungeon (1/1)

Altars:
Cheibriados
Dithmenos
Elyvilon
Fedhas
Gozag
Hepliaklqana
Kikubaaqudgha
Makhleb
Nemelex Xobeh
Okawaru
Qazlal
Ru
Sif Muna
Trog
Uskayaw
Vehumet
Wu Jian
Xom
Yredelemnul
Zin
The Shining One
Jiyva
Lugonu

Shops:
D *


Innate Abilities, Weirdness & Mutations

You have extremely sharp teeth.
Your natural rate of healing is unusually fast.
When hurt, damage is shared between your health and your magic reserves.
Your bite disrupts and absorbs the magic of your enemies.
Potions cannot restore your health.


Message History

The centaur warrior is heavily wounded.
The centaur warrior hits you!
The centaur warrior kicks you but does no damage.
You hit the centaur warrior but do no damage.
The centaur warrior is heavily wounded.
The centaur warrior barely misses you.
The centaur warrior kicks you but does no damage.
The centaur warrior shouts!
You punch the centaur warrior!
The centaur warrior is heavily wounded.
The centaur warrior wields a +0 orcbow.
The centaur warrior shoots an arrow.
The arrow closely misses you.
The centaur warrior hits you but does no damage.
The centaur warrior kicks you.
The centaur warrior unwields a +0 orcbow.
The centaur warrior barely misses you. The centaur warrior kicks you.
The centaur warrior hits you!
* * * LOW HITPOINT WARNING * * *
The centaur warrior kicks you.
* * * LOW HITPOINT WARNING * * *
There is an open door, spattered with blood here.
You feel yourself speed up. The centaur warrior barely misses you.
The centaur warrior kicks you.
* * * LOW HITPOINT WARNING * * *
The centaur warrior closely misses you.
The centaur warrior kicks you but does no damage.
The centaur warrior closely misses you.
The centaur warrior kicks you but does no damage.
You closely miss the centaur warrior.
You bite the centaur warrior, but do no damage.
The centaur warrior is heavily wounded.
The centaur warrior hits you.
* * * LOW HITPOINT WARNING * * *
The centaur warrior barely misses you.
You hit the centaur warrior but do no damage.
You bite the centaur warrior, but do no damage.
The centaur warrior is heavily wounded.
The centaur warrior completely misses you.
The centaur warrior closely misses you. The centaur warrior hits you.
You die...

###################
#<.#..)..#.)'..#__#
#..').#..'..#..'..+
#..#####'#####'#__# ##
#..####..#...#.####$[#
#..#__####..##(#§§§§§#
#..#_____##'#_c@c~~§.+
#⌠⌠#_.∩...†..._#~~§§.#
####_..__##_.#+##+####
#_____###+# #######


You could see 2 centaur warriors.

Vanquished Creatures
  Sigmund (D)
  A slime creature (D)
  A yak (D)
  An ogre (D)
  A jelly (D)
  Ijyb (D)
6 creatures vanquished.

Notes
Turn   | Place    | Note
-------+----------+-------------------------------------------
     0 | D        | Midn8 the Vine Stalker Brigand began the quest for the Orb.
     0 | D        | Reached XP level 1. HP: 11/11 MP: 2/2
     2 | D        | Noticed Ijyb
    17 | D        | Killed Ijyb
    18 | D        | Reached skill level 5 in Unarmed Combat
    18 | D        | Reached XP level 2. HP: 15/15 MP: 3/3
    18 | D        | Reached XP level 3. HP: 18/18 MP: 4/4
    24 | D        | Noticed an ogre
    29 | D        | Killed an ogre
    30 | D        | Reached skill level 8 in Unarmed Combat
    30 | D        | Gained mutation: Your natural rate of healing is unusually
                  | fast. [Vine Stalker growth]
    30 | D        | Reached XP level 4. HP: 25/25 MP: 5/5
    84 | D        | Noticed Sigmund
    97 | D        | Killed Sigmund
    98 | D        | Reached skill level 10 in Unarmed Combat
    98 | D        | Reached XP level 5. HP: 9/32 MP: 0/6
    98 | D        | Reached XP level 6. HP: 10/36 MP: 0/7
   185 | D        | Found an ornate altar of the Wu Jian Council.
   185 | D        | Found a shimmering blue altar of Sif Muna.
   187 | D        | Found a radiant altar of Vehumet.
   193 | D        | Reached skill level 11 in Unarmed Combat
   214 | D        | Found Tioqytoz's Assorted Antiques.
   214 | D        | Found an ancient bone altar of Kikubaaqudgha.
   214 | D        | Found a hazy altar of Hepliaklqana.
   214 | D        | Found a hide-covered altar of Uskayaw.
   214 | D        | Found a basalt altar of Yredelemnul.
   214 | D        | Found an opulent altar of Gozag.
   214 | D        | Found a snail-covered altar of Cheibriados.
   214 | D        | Found a sacrificial altar of Ru.
   214 | D        | Found a shadowy altar of Dithmenos.
   214 | D        | Noticed a yak
   222 | D        | Killed a yak
   223 | D        | Reached skill level 12 in Unarmed Combat
   223 | D        | Found a stormy altar of Qazlal.
   223 | D        | Found a blossoming altar of Fedhas.
   223 | D        | Found a bloodstained altar of Trog.
   223 | D        | Found an iron altar of Okawaru.
   223 | D        | Found a glowing golden altar of the Shining One.
   223 | D        | Found a glowing silver altar of Zin.
   223 | D        | Found a white marble altar of Elyvilon.
   224 | D        | Found a sparkling altar of Nemelex Xobeh.
   285 | D        | Became a worshipper of Ru the Awakened
   299 | D        | Found a burning altar of Makhleb.
   299 | D        | Found a viscous altar of Jiyva.
   299 | D        | Found a shimmering altar of Xom.
   299 | D        | Found a corrupted altar of Lugonu.
   299 | D        | Noticed a slime creature
   308 | D        | Killed a slime creature
   309 | D        | Reached XP level 7. HP: 18/43 MP: 8/8
   338 | D        | Noticed a centaur warrior
   353 | D        | Noticed a centaur warrior
   369 | D        | HP: 1/43 [centaur warrior (4)]
   370 | D        | Slain by a centaur warrior

Illustrated notes

Levels and vault maps discovered:
D:        dungeon_sprint_1 [red_sonja_temple_1, red_sonja_temple_small_1]

Skill      XL: |  1  2  3  4  5  6 |
---------------+-------------------+-----
Unarmed Combat | 5 8 10 12 | 12.8
Fighting       | 4 6 8 |  8.0
Short Blades   | |  1.7
Throwing       | |  1.7
Dodging        | |  0.7
Stealth        | |  4.8

Action                     |  1- 3 |  4- 6 |  7- 9 || total
---------------------------+-------+-------+-------++-------
  Melee: Unarmed           |    15 |    29 |     7 ||    51
         Bite              |     1 |     7 |     4 ||    12
         Punch             |       |       |     1 ||     1
  Throw: Dart              |       |     1 |       ||     1
  Evoke: Wand              |       |     1 |       ||     1
    Use: Potion            |     1 |       |     1 ||     2
   Stab: Confused          |     1 |       |       ||     1
         Sleeping          |       |     2 |       ||     2
 Armour: Skin              |     3 |       |       ||     3
         Robe              |       |     1 |     7 ||     8
  Dodge: Dodged            |     9 |     4 |    11 ||    24

Table legend: (Time is in decaauts)
 A = Elapsed time spent in this place.
 B = Non-inter-level travel time spent in this place.
 C = Inter-level travel time spent in this place.
 D = Time resting spent in this place.
 E = Time spent auto-exploring this place.
 F = Levels seen in this place.
 G = Mean time per level.
                   A        B        C        D        E       F      G
               +--------+--------+--------+--------+--------+-----+--------+
         Total |    372 |    372 |      0 |    176 |      0 |   1 |  372.0 |
       Dungeon |    372 |    372 |      0 |    176 |      0 |   1 |  372.0 |
               +--------+--------+--------+--------+--------+-----+--------+

Top non-repeatable levels by time:
       D: 372 daAuts
